 Dungeon Crawl Stone Soup version 0.24.0-1-gfbc8707122 (webtiles) character file.

Game seed: 8204183259544972602, levelgen mode: deterministic

147 iamserjio the Firebug (level 5, -3/32 HPs)
             Began as a Halfling Fire Elementalist on Oct 26, 2019.
             Killed by divine providence
             ... invoked by an orc priest
              (13 damage)
             ... on level 3 of the Dungeon.
             The game lasted 00:05:06 (3280 turns).

iamserjio the Firebug (Halfling Fire Elementalist)  Turns: 3280, Time: 00:05:07

Health: -3/32      AC:  2    Str: 10    XL:     5   Next: 54%
Magic:  5/8        EV: 15    Int: 13    God:
Gold:   128        SH:  0    Dex: 15    Spells: 4/8 levels left

rFire    . . .     SeeInvis .   h - +0 short sword
rCold    . . .     Gourm    .   (shield restricted)
rNeg     . . .     Faith    .   a - +0 robe
rPois    .         Spirit   .   (no helmet)
rElec    .         Reflect  .   (no cloak)
rCorr    .         Harm     .   (no gloves)
MR       .....                  (no boots)
Stlth    ++........             (no amulet)
HPRegen  0.10/turn              (no ring)
MPRegen  0.11/turn              (no ring)

@: no status effects
A: small, mutation resistance 1
a: no special abilities


You were on level 3 of the Dungeon.
You were not hungry.

You visited 1 branch of the dungeon, and saw 3 of its levels.

You collected 128 gold pieces.

Inventory:

Hand Weapons
 b - a +0 club
 h - a +0 short sword (weapon)
 n - a +0 dagger
Missiles
 d - 109 stones
 j - 31 poisoned darts (quivered)
 l - 16 sling bullets
Armour
 a - a +0 robe (worn)
 o - a +0 scale mail
Jewellery
 s - a cursed ring of teleportation {unknown}
Scrolls
 e - 4 scrolls of identify {unknown}
 g - 3 scrolls of teleportation {unknown}
 m - 6 scrolls of remove curse {unknown}
 p - a scroll of amnesia {unknown}
 t - a scroll of random uselessness {unknown}
Potions
 f - 2 potions of curing {unknown}
 i - a potion of degeneration {unknown}
 k - a potion of mutation {unknown}
 r - a potion of magic {unknown}
Comestibles
 c - 5 rations
 q - 4 chunks of flesh


   Skills:
 + Level 0.5 Fighting
 * Level 1.5 Short Blades
 - Level 2.1 Dodging
 - Level 2.1 Stealth
 - Level 2.0 Spellcasting
 - Level 1.1 Conjurations
 - Level 5.1 Fire Magic


You had 4 spell levels left.
You knew the following spells:

 Your Spells              Type           Power        Failure   Level  Hunger
a - Flame Tongue          Conj/Fire      #....        7%          1    ##.....
b - Conjure Flame         Conj/Fire      #.......     22%         3    ####...

Your spell library contained the following spells:

 Spells                   Type           Power        Failure   Level  Hunger
 Throw Flame              Conj/Fire      #.....       11%         2    ###....
 Inner Flame              Hex/Fire       #.......     26%         3    ####...
 Sticky Flame             Conj/Fire      #.......     56%         4    #####..
 Fireball                 Conj/Fire      #.........   89%         5    ######.


Dungeon Overview and Level Annotations

Branches:
Dungeon (3/15)

Altars:

Annotations:
D:3 1 exclusion


Innate Abilities, Weirdness & Mutations

You are small and have problems with some larger weapons.
You are somewhat resistant to further mutation.


Message History

An orc comes into view. It is wielding a +0 hand axe.
The orc throws a stone.
The stone barely misses you.
The orc throws a stone.
The stone hits you but does no damage.
The orc throws a stone.
The stone completely misses you.
An orc comes into view. It is wielding a +0 mace.
The orc closely misses you.
You closely miss the orc.
A goblin comes into view. It is wielding a +0 dagger.
The orc hits you with a +0 hand axe!
The goblin shouts!
The orc shouts!
You hit the orc but do no damage. The orc hits you with a +0 hand axe.
A bat comes into view.
The goblin hits you but does no damage. The goblin closely misses you.
The goblin drinks a potion.
The goblin seems to grow stronger.
The orc priest mumbles some strange prayers to Beogh against you.
Beogh smites you!
The orc priest invokes the aid of Beogh against you.
Beogh smites you!
You die...

#.....(..###...................
#.........o#.#.####.#...#......
#........#o#g#o# #.#.......#..
######ooo#o#.#.####.#.#.#......
....o#.#o#...#........#.#..
#.....#.#.#g#.#......รท.#.#..
#.....#o#.#...#........#.#..
#.....#.#.#.###........#.#..
.....b#g#.#@# ###........###
.......#.#.#.# #.#..#######
..........#.# .............
..........#.# ###.#####..o..
b.........#.# ............
..........#.. ...........
##........#.. ...#######.#..
..#####.#.#.. ....o.S....#.. ..
..#.# ....########..


You could see an orc priest and a goblin.

Vanquished Creatures
  An orc priest (D:2)
  5 adders
  2 oozes
  An adder zombie (D:2)
  3 worms
  2 dart slugs
  4 leopard geckos
  2 bat skeletons (D:2)
  3 goblins
  7 hobgoblins
  5 jackals
  2 ball pythons (D:1)
  A bat (D:1)
  2 frilled lizards (D:3)
  2 giant cockroach zombies (D:2)
  2 kobolds
  A quokka skeleton (D:2)
  2 quokka zombies (D:2)
  A rat (D:1)
48 creatures vanquished.

Notes
Turn   | Place    | Note
-------+----------+-------------------------------------------
     0 | D:1      | iamserjio the Halfling Fire Elementalist began the quest
                  | for the Orb.
     0 | D:1      | Reached XP level 1. HP: 11/11 MP: 3/3
   259 | D:1      | Reached skill level 1 in Conjurations
   279 | D:1      | Reached XP level 2. HP: 17/17 MP: 0/4
  1138 | D:2      | Reached XP level 3. HP: 19/21 MP: 1/6
  1205 | D:2      | Learned a level 3 spell: Conjure Flame
  1283 | D:2      | HP: 1/21 [poisoned by an adder]
  1471 | D:2      | Reached skill level 4 in Fire Magic
  1574 | D:2      | Reached XP level 4. HP: 15/27 MP: 3/7
  2638 | D:3      | HP: 1/27 [orc priest/divine providence (13)]
  2670 | D:2      | Reached skill level 5 in Fire Magic
  2670 | D:2      | Reached XP level 5. HP: 20/31 MP: 0/8
  2994 | D:3      | Reached skill level 1 in Short Blades
  3280 | D:3      | Killed from afar by an orc priest

Levels and vault maps discovered:
D:1:      dpeg_arrival_stonehenge_12_columns, layout_basic
D:2:      layout_basic, serial_undead, serial_undead_a, serial_undead_f,
          serial_undead_d, serial_undead_b, serial_undead_d, serial_undead_e,
          minmay_split_cup_small
D:3:      layout_basic, due_unseen_surprise

Skill      XL: |  1  2  3  4  5 |
---------------+----------------+-----
Conjurations   | 1 |  1.1
Spellcasting   | 2 |  2.0
Fire Magic     | 4 5 |  5.1
Short Blades   | 1 |  1.5
Fighting       | |  0.5
Dodging        | |  2.1
Stealth        | |  2.1

Action                   |  1- 3 |  4- 6 || total
-------------------------+-------+-------++-------
Melee: Unarmed           |     3 |       ||     3
       Short sword       |    63 |    53 ||   116
 Cast: Flame Tongue      |    38 |    46 ||    84
  Use: Potion            |     1 |     1 ||     2
 Stab: Sleeping          |     2 |     3 ||     5
  Eat: Ration            |     1 |       ||     1
       Chunk             |       |     6 ||     6
Armor: Robe              |    11 |    14 ||    25
Dodge: Dodged            |    63 |    61 ||   124
